Map: King's Cove LE

Players

InZaNe

  • Race: Terran Terran
  • League: Grandmaster
  • Spawn Location: 11:00

Harstem - Winner!

  • Race: Protoss Protoss
  • League: Grandmaster
  • Spawn Location: 5:00

Event: HomeStory Cup XIX

VOD

Have the link to the VOD?

Description

Time

  • Played on: June 27, 2019, 10:53 a.m.
  • Length: 10:22

All games in this series

Show
View Real Time Build Order
Export as new Build Order

InZaNe Terran 

Build Orders: Reaper Expand 

Get SALT Encoding   

  12  0:00  SCV  
  13  0:12  SCV  
  14  0:18  Supply Depot  
  14  0:25  SCV  
  15  0:39  SCV  
  15  0:42  Barracks  
  16  0:44  Refinery  
  16  0:51  SCV  
  17  1:04  SCV  
  18  1:16  SCV  
  19  1:31  Orbital Command, Reaper  
  20  1:42  Command Center  
  20  1:52  Supply Depot  
  20  1:57  SCV  
  21  2:02  Marine  
  22  2:09  SCV  
  22  2:11  Factory  
  23  2:17  Refinery  
  23  2:21  SCV  
  24  2:23  Barracks Reactor  
  24  2:33  SCV  
  25  2:45  SCV  
  26  2:55  Orbital Command  
  26  2:56  Factory Tech Lab, Starport  
  26  2:57  SCV  
  27  2:59  Marine x2  
  29  3:09  SCV  
  29  3:14  Cyclone  
  29  3:19  Marine x2  
  34  3:21  SCV x2  
  36  3:32  Supply Depot  
  36  3:33  SCV x2  
  38  3:36  Viking  
  42  3:45  SCV x2  
  42  3:46  Cyclone  
  45  3:57  Command Center  
  45  4:00  SCV  
  45  4:01  SCV  
  47  4:06  Supply Depot  
  47  4:10  Viking  
  47  4:14  Marine x2  
  47  4:15  SCV  
  52  4:25  SCV  
  52  4:27  SCV  
  52  4:28  Siege Tank  
  57  4:32  Supply Depot  
  57  4:37  SCV  
  58  4:40  SCV  
  59  4:46  Barracks, Starport Tech Lab  
  59  4:48  Barracks  
  59  4:49  Barracks Tech Lab, SCV  
  59  4:52  SCV  
  61  4:58  Refinery  
  61  5:00  Refinery  
  61  5:01  Siege Tank, SCV  
  61  5:04  SCV  
  66  5:10  Orbital Command  
  66  5:13  SCV  
  67  5:16  Marine, SCV  
  67  5:17  Stimpack  
  69  5:25  SCV, Starport Reactor  
  70  5:30  SCV  
  70  5:31  Barracks x2  
  70  5:34  Marine  
  72  5:36  Marine x2  
  72  5:37  Orbital Command, SCV  
  72  5:42  Marine, SCV  
  76  5:43  Combat Shield  
  76  5:49  Engineering Bay, SCV  
  78  5:50  Engineering Bay  
  78  5:55  SCV  
  78  5:56  Marine x3  
  82  6:01  SCV  
  82  6:02  Supply Depot  
  82  6:03  Supply Depot  
  83  6:04  SCV  
  83  6:07  SCV  
  85  6:17  Terran Infantry Weapons Level 1  
  85  6:18  Terran Infantry Armor Level 1  
  85  6:21  Barracks Tech Lab, Barracks Reactor  
  85  6:23  Siege Tank, Marine x2, SCV x3  
  93  6:29  Missile Turret  
  93  6:31  Missile Turret  
  93  6:33  Missile Turret  
  93  6:34  Marine  
  93  6:35  Marauder, SCV x3  
  99  6:40  Medivac  
  99  6:45  Marauder, Supply Depot, Medivac  
  105  6:48  Concussive Shells, Marauder, SCV  
  105  6:50  SCV  
  109  6:56  Supply Depot  
  109  6:57  Supply Depot  
  109  7:06  SCV  
  110  7:09  Siege Tank  
  110  7:10  Marauder x2  
  117  7:17  Marine x4  
  117  7:18  Medivac  
  117  7:19  Supply Depot, Medivac  
  117  7:20  SCV, Supply Depot  
  117  7:21  SCV  
  128  7:24  Refinery  
  128  7:27  Refinery  
  128  7:29  Armory  
  127  7:30  SCV  
  127  7:32  SCV  
  127  7:34  Marauder  
  127  7:36  Marauder  
  133  7:40  Marine  
  133  7:41  Marauder  
  135  7:47  Factory  
  135  7:49  Starport  
  135  7:50  Viking  
  137  7:54  Missile Turret  
  137  7:57  Supply Depot  
  139  7:58  Supply Depot  
  139  7:59  Viking, Supply Depot  
  139  8:12  Command Center  
  139  8:15  Supply Depot  
  139  8:17  Supply Depot  
  145  8:23  Viking  
  147  8:27  Starport Tech Lab, Fusion Core  
  147  8:29  Viking  
  148  8:38  Liberator  
  142  8:43  SCV x3  
  142  8:44  Liberator  
  142  8:48  Supply Depot x2  
  145  8:51  Missile Turret  
  145  8:52  Missile Turret  
  145  8:54  Liberator  
  145  8:55  SCV x3  
  151  8:57  Missile Turret x2  
  151  9:02  Barracks  
  153  9:03  Barracks  
  153  9:07  Refinery  
  153  9:11  Refinery  
  156  9:18  SCV x2  
  156  9:21  Liberator  
  156  9:23  SCV  
  158  9:36  Marauder x2  
  158  9:37  Marauder  
  166  9:47  Missile Turret  
  169  9:55  Barracks Tech Lab x2  
  150  10:03  Marine x5  
Show
View Real Time Build Order
Export as new Build Order

Harstem Protoss - Winner!

Build Orders: 1 Gate Expand, Oracle Opening, Colossus Rush 

Get SALT Encoding   

  12  0:00  Probe  
  13  0:13  Probe  
  14  0:18  Pylon  
  14  0:24  Probe  
  15  0:32  Assimilator, Probe  
  15  0:40  Probe  
  16  0:46  Gateway  
  17  0:51  Probe  
  18  1:04  Probe  
  19  1:16  Probe  
  20  1:23  Nexus  
  20  1:33  Cybernetics Core  
  20  1:37  Probe  
  21  1:42  Assimilator  
  21  1:49  Probe  
  21  1:53  Pylon  
  22  2:01  Probe, Adept  
  23  2:13  Probe  
  26  2:16  Stargate  
  26  2:22  Warp Gate  
  26  2:24  Probe  
  27  2:32  Probe x2, Adept  
  31  2:40  Probe  
  32  2:52  Probe  
  32  2:53  Probe  
  34  2:58  Oracle  
  34  3:04  Probe  
  35  3:06  Probe  
  35  3:10  Adept  
  41  3:13  Pylon  
  41  3:16  Probe  
  41  3:18  Probe  
  43  3:25  Oracle  
  43  3:28  Probe  
  43  3:30  Probe  
  45  3:40  Probe  
  49  3:47  Nexus  
  50  3:52  Probe  
  50  3:54  Probe, Robotics Facility  
  51  4:04  Probe  
  51  4:07  Gateway  
  51  4:08  Gateway  
  52  4:10  Pylon  
  52  4:15  Probe  
  53  4:18  Assimilator  
  53  4:19  Probe  
  53  4:20  Assimilator  
  54  4:25  Phoenix  
  54  4:28  Probe  
  55  4:31  Pylon  
  55  4:32  Stalker  
  55  4:35  Probe  
  55  4:36  Observer  
  60  4:41  Probe  
  62  4:49  Probe  
  65  4:53  Probe  
  65  4:54  Immortal  
  65  4:55  Pylon  
  66  5:01  Robotics Bay  
  66  5:02  Probe  
  66  5:05  Probe x2  
  71  5:11  Forge  
  71  5:14  Probe  
  72  5:17  Probe  
  72  5:18  Sentry  
  72  5:19  Probe  
  76  5:26  Probe  
  77  5:29  Probe  
  77  5:31  Probe, Pylon  
  77  5:35  Forge  
  79  5:37  Pylon  
  79  5:38  Probe, Colossus  
  79  5:41  Probe  
  81  5:47  Protoss Ground Weapons Level 1  
  87  5:51  Extended Thermal Lance  
  87  5:52  Probe  
  87  5:56  Probe  
  89  5:57  Assimilator  
  89  5:59  Pylon  
  89  6:00  Twilight Council  
  90  6:04  Probe  
  90  6:05  Probe  
  90  6:07  Assimilator  
  90  6:09  Probe  
  92  6:14  Protoss Ground Armor Level 1  
  92  6:16  Probe, Colossus  
  93  6:21  Probe x2  
  95  6:36  Photon Cannon  
  95  6:39  Charge  
  101  6:41  Gateway  
  101  6:42  Gateway  
  101  6:46  Zealot x3, Gateway  
  106  6:58  Gateway  
  106  6:59  Gateway  
  106  7:00  Colossus  
  106  7:02  Pylon  
  106  7:07  Templar Archives  
  106  7:11  Pylon  
  112  7:18  Probe x3  
  115  7:24  Zealot x2  
  115  7:25  Nexus  
  119  7:31  Probe  
  119  7:33  Probe  
  119  7:34  Probe  
  122  7:44  Probe, Protoss Ground Weapons Level 2  
  122  7:45  Probe  
  122  7:50  High Templar  
  122  7:51  High Templar x3  
  132  7:53  Pylon  
  132  7:55  Pylon  
  132  7:56  Pylon  
  132  8:00  Probe  
  132  8:01  Pylon  
  133  8:08  Gateway x2  
  133  8:11  Probe, Immortal, Gateway  
  133  8:12  Gateway  
  138  8:25  Archon x2  
  138  8:38  High Templar x2, Immortal  
  138  8:39  Zealot x6  
  152  8:48  Archon  
  152  8:52  Pylon  
  152  8:53  Pylon  
  156  8:56  Probe, Pylon  
  156  8:57  Assimilator  
  156  9:01  Assimilator  
  156  9:02  High Templar x4  
  163  9:03  Zealot x4, Pylon  
  163  9:05  Pylon  
  163  9:06  Archon  
  163  9:07  Archon, Warp Prism  
  163  9:08  Pylon  
  173  9:14  Pylon  
  173  9:15  Zealot x2  
  179  9:17  Probe x2  
  179  9:19  Probe  
  180  9:35  Zealot x4, High Templar x2  
  180  9:36  Zealot x3  
  198  9:39  Archon  
  196  9:51  Zealot x3  
  177  10:08  Stalker x6  
  177  10:09  Stalker x2  
  177  10:12  Zealot x4  
Tags
 
Add a new tag
Caveats
  • Supply blocks, unpowered buildings, or Contaminate may cause inaccurate times.
  • Supply counts are checked every 10 seconds.